 Dungeon Crawl Stone Soup version 0.31.0-32-g396128a36d (webtiles) character file.

Game seed: 14461884750428160738

61 MollyMolluskus the Ducker (level 4, 0/28 (31) HPs)
             Began as an Octopode Fighter on Mar 22, 2024.
             Slain by a goblin
             ... wielding a +1 dagger of draining
             ... led by Robin
              (1 damage)
             ... on level 2 of the Dungeon.
             The game lasted 00:04:26 (1813 turns).

MollyMolluskus the Ducker (Octopode Fighter)        Turns: 1813, Time: 00:04:27

HP:   0/28 (31)     AC:  1    Str: 23    XL:     4   Next: 7%
MP:   4/4           EV: 13    Int: 10    God:
Gold: 80            SH:  4    Dex: 11    Spells: 3/3 levels left

rFire   . .          .
                       - Unarmed
rCold   . . .        a - +0 buckler
rNeg    . . .        (helmet restricted)
rPois   .            (no amulet)
rElec   .            g - +6 ring of strength
rCorr   .            (no ring)
SInv    .            (no ring)
Will    .....        (no ring)
Stlth   +++          (no ring)
HPRegen 0.24/turn    (no ring)
MPRegen 0.09/turn    (no ring)
                     (no ring)

%: no passive effects
@: drained
A: almost no armour, amphibious, 8 rings, camouflage 1, gelatinous body 1,
(nimble swimmer 1), tentacles
a: no special abilities


You were on level 2 of the Dungeon.
You visited 1 branch of the dungeon, and saw 3 of its levels.

You collected 80 gold pieces.

Inventory:

Missiles
 k - 2 boomerangs (quivered)
Armour
 a - a +0 buckler (worn)
Jewellery
 g - a +6 ring of strength (left tentacle)
Wands
 l - a wand of roots (10)
Scrolls
 h - 2 scrolls of teleportation
Potions
 b - a potion of might
 c - a potion of attraction
 d - a potion of curing {unknown}
 e - a potion of heal wounds {unknown}
 f - a potion of brilliance {unknown}
 i - a potion of berserk rage {unknown}
 j - a potion of magic {unknown}
 m - a potion of mutation {unknown}


   Skills:
 + Level 3.3 Fighting
 + Level 3.3 Dodging
 + Level 1.8 Stealth
 + Level 3.3 Shields
 * Level 2.9 Unarmed Combat


You had 3 spell levels left.
You didn't know any spells.
Your spell library contained the following spells:

 Spells                   Type           Power      Damage    Failure   Level
 Sting                    Conj/Alch      0%         1d3       41%         1
 Mercury Vapours          Alch/Air       0%         N/A       56%         2
 Fugue of the Fallen      Necr           0%         N/A       80%         3
 Ozocubu's Armour         Ice            0%         N/A       80%         3
 Manifold Assault         Tloc           0%         N/A       99%         4
 Olgreb's Toxic Radiance  Alch           0%         N/A       99%         4


Dungeon Overview and Level Annotations

Branches:
Dungeon (3/15)

Altars:
Elyvilon

Annotations:
D:3 Robin


Innate Abilities, Weirdness & Mutations

You cannot wear most types of armour.
You are amphibious.
You can wear up to eight rings at the same time.
Your skin changes colour to match your surroundings (Stealth+).
Your rubbery body absorbs attacks. (AC +1, EV +1)
((You are camouflaged when in or above water. (Stealth+)))
You have tentacles for arms and can constrict up to eight enemies at once.


Message History

The hobgoblin shouts!
You hear a shout! x6
A hobgoblin comes into view.
You tentacle-slap the hobgoblin. You grab the hobgoblin.
The hobgoblin is heavily wounded.
You constrict the hobgoblin. The hobgoblin completely misses you.
Robin of the Strong Arm comes into view.
They are wielding a +0 mace.
The goblin completely misses you.
You barely miss the goblin. Your grab misses the goblin.
You constrict the hobgoblin.
You kill the hobgoblin!
Robin throws the goblin at you! The goblin hits you with a +0 dagger.
The goblin closely misses you.
You closely miss the goblin. Your grab misses the goblin.
Your squeeze misses the goblin. The goblin hits you with a +0 dagger.
The goblin barely misses you. The goblin closely misses you.
You miss the goblin. Your grab misses the goblin.
The goblin hits you with a +0 dagger. The goblin barely misses you.
You block the goblin's attack.
Robin roars a battlecry!
The goblins go into a battle-frenzy!
You block the hobgoblin's attack. You block the goblin's attack.
The goblin closely misses you. x2
You climb upwards.
There is a stone staircase leading down here.
You barely miss the goblin. Your grab misses the goblin.
The goblin closely misses you. The goblin misses you. The hobgoblin hits you.
The goblin closely misses you.
You barely miss the goblin. Your grab misses the goblin.
The goblin hits you with a +1 dagger of draining.
You feel drained. You block the goblin's attack. The hobgoblin hits you.
The goblin hits you with a +0 dagger.
* * * LOW HITPOINT WARNING * * *
Unknown command.
You tentacle-slap the goblin but do no damage.
You grab the goblin. You constrict the goblin.
The goblin hits you with a +1 dagger of draining.
* * * LOW HITPOINT WARNING * * *
You feel drained.
You die...

.#.####.# #.# '#.#....# #%#
...#....# #.#
...#....#####.####
.†.##.#..........#
+#.##.#..####.##.#####
.....................#
.#.##.#...###.##g###.#####
...............g@g.......#
..........#.#.##g###.###.#
.#....................##.###
...........................#
.####.#...#.###..###.###.###
.####.#...#.###..###.# #.#
...................#.###.#
........[.............##.#
....###...#.###....#..##.###


You could see a hobgoblin (strong) and 3 goblins.

Vanquished Creatures
  An adder (D:2)
  3 ribbon worms (D:2)
  4 ball pythons
  4 bats
  4 endoplasms
  3 giant cockroaches (D:1)
  A goblin (D:1)
  8 hobgoblins
  2 quokkas
  3 frilled lizards
  3 kobolds
  6 rats
42 creatures vanquished.

Notes
Turn   | Place    | Note
-------+----------+-------------------------------------------
     0 | D:1      | MollyMolluskus the Octopode Fighter began the quest for the
                  | Orb.
     0 | D:1      | Reached XP level 1. HP: 16/16 MP: 1/1
   176 | D:1      | Reached XP level 2. HP: 21/21 MP: 2/2
   222 | D:1      | Reached skill level 1 in Stealth
   844 | D:1      | Reached XP level 3. HP: 26/26 MP: 3/3
   957 | D:2      | Found a white marble altar of Elyvilon.
  1386 | D:2      | Reached XP level 4. HP: 31/31 MP: 4/4
  1805 | D:3      | Noticed Robin
  1813 | D:2      | HP: 1/30 [goblin/+1 dagger of draining[Robin] (3)]
  1813 | D:2      | Slain by a goblin

Illustrated notes

Levels and vault maps discovered:
D:1:      kilobyte_arrival_exit_the_forest, layout_loops_corners,
          chequers_arboretum, minmay_misc_feat_room, minmay_vboxes
D:2:      layout_basic, basic_altar
D:3:      layout_loops_ring, mainiacjoe_overflow_big_doors, uniq_robin

Skill      XL: |  1  2 |
---------------+-------+-----
Stealth        | 1 |  1.8
Fighting       | |  3.3
Dodging        | |  3.3
Shields        | |  3.3
Unarmed Combat | |  2.9

Action                     |  1- 3 |  4- 6 || total
---------------------------+-------+-------++-------
  Melee: Unarmed           |    77 |    10 ||    87
         Tentacles         |    15 |     2 ||    17
         Constrict         |    20 |     4 ||    24
         Punch             |     2 |       ||     2
  Throw: Boomerang         |       |     1 ||     1
    Use: Scroll            |     3 |     2 ||     5
   Stab: Sleeping          |    11 |     1 ||    12
 Armour: Skin              |    16 |    11 ||    27
  Dodge: Dodged            |    34 |    11 ||    45
  Block: Buckler           |     9 |     4 ||    13
